 Dungeon Crawl Stone Soup version 0.28-a0-1130-gc51a68064b (webtiles) character file.

Game seed: 1637518546525484512

1560 browni3141 the Carver (level 9, -3/66 HPs)
             Began as a Formicid Delver on Dec 13, 2021.
             Was a Follower of the Shining One.
             Shot with an arrow by a centaur warrior (19 damage)
             ... on level 8 of the Dungeon.
             The game lasted 00:17:56 (5870 turns).

browni3141 the Carver (Formicid Delver)             Turns: 5870, Time: 00:17:56

Health: -3/66      AC:  7    Str: 22    XL:     9   Next: 12%
Magic:  0/9        EV: 10    Int:  9    God:    the Shining One [*.....]
Gold:   196        SH:  0    Dex: 12    Spells: 8/8 levels left

rFire   . . .      SeeInvis +   a - +0 falchion
rCold   . . .      Faith    .   (no shield)
rNeg    . . .      Spirit   +   i - +0 scale mail
rPois   +          Reflect  .   (helmet unavailable)
rElec   .          Harm     .   (no cloak)
rCorr   .          Rampage  .   (no gloves)
Will    .....                   (no boots)
Stlth   +.........              t - amulet of guardian spirit
HPRegen 0.21/turn               g - ring of poison resistance
MPRegen 0.11/turn               (no ring)

@: glowing
A: permanent stasis, dig shafts and tunnels, antennae 3, four strong arms
a: Dig, Shaft Self, Renounce Religion, Divine Shield


You were on level 8 of the Dungeon.
You worshipped the Shining One.
The Shining One was aware of your devotion.
You visited 2 branches of the dungeon, and saw 5 of its levels.

You collected 196 gold pieces.

Inventory:

Hand Weapons
 a - a +0 falchion (weapon)
 j - a +0 flail
 k - a +0 war axe
Missiles
 q - 2 curare-tipped darts (quivered)
 x - 21 poisoned darts
Armour
 b - a +0 leather armour
 i - a +0 scale mail (worn)
 u - a scarf of harm
Jewellery
 g - a ring of poison resistance (left hand)
 t - an amulet of guardian spirit (around neck)
Wands
 f - a wand of digging (8)
 n - a wand of mindburst (9)
Scrolls
 c - a scroll of fog
 d - 4 scrolls of magic mapping
 e - 2 scrolls of fear
 m - a scroll of torment {unknown}
 o - 2 scrolls of acquirement {unknown}
 p - 2 scrolls of identify {unknown}
 s - 2 scrolls of amnesia {unknown}
 v - a scroll of brand weapon {unknown}
 y - a scroll of teleportation {unknown}
 A - a scroll of enchant armour {unknown}
Potions
 h - a potion of curing {unknown}
 l - a potion of might {unknown}
 r - 2 potions of heal wounds {unknown}
 w - a potion of ambrosia {unknown}
 z - a potion of haste {unknown}


   Skills:
 + Level 4.4 Fighting
 * Level 8.3 Long Blades
 * Level 3.8 Armour
 - Level 1.8 Dodging
 - Level 6.1 Stealth
 + Level 5.7 Evocations


You had 8 spell levels left.
You didn't know any spells.
Your spell library contained the following spells:

 Spells                   Type           Power      Damage    Failure   Level
 Gell's Gravitas          Tloc           0%         N/A       97%         3
 Lesser Beckoning         Tloc           0%         N/A       97%         3
 Teleport Other           Tloc           0%         N/A       97%         3
 Chain Lightning          Conj/Air       0%         N/A       100%        9
 Fire Storm               Conj/Fire      0%         5d1       100%        9
 Shatter                  Erth           0%         3d5*      100%        9


Dungeon Overview and Level Annotations

Branches:
Dungeon (8/15)             Temple (1/1) D:5
   Lair: D:8-11

Altars:
Ashenzari
Cheibriados
Dithmenos
Elyvilon
Gozag
Hepliaklqana
Kikubaaqudgha
Makhleb
Nemelex Xobeh
Qazlal
Sif Muna
Trog
Uskayaw
Vehumet
Xom
Yredelemnul
The Shining One

Shops:
D:6 *

Annotations:
D:6 2 transporters, 3 runed translucent doors, miscthings's ghost, novice GnAr
D:7 2 transporters, browni3141's ghost, novice OpVM


Innate Abilities, Weirdness & Mutations

You cannot be hasted, slowed, berserked, paralysed or teleported.
You can dig through walls and to a lower floor.
You have a pair of large antennae on your head. (SInv)
Your four strong arms can wield two-handed weapons with a shield.


Message History

This square is lit by a halo.
The rock shatters into small pieces.
The unseen horror hits you but does no damage.
The unseen horror barely misses you.
You retract your mandibles.
The unseen horror hits you. The unseen horror barely misses you. x2
The centaur warrior shouts!
You hear a shout!
The unseen horror hits you.
The centaur warrior wields a +0 shortbow.
The centaur warrior shoots an arrow.
The arrow closely misses the unseen horror.
The arrow closely misses you.
You extend your mandibles.
You dig through the rock wall.
The unseen horror closely misses you.
You dig through the rock wall.
The unseen horror hits you but does no damage.
You dig through the rock wall.
The unseen horror hits you.
Okay, then.
Okay, then.
You retract your mandibles.
The unseen horror hits you.
Unknown command.
You extend your mandibles.
You dig through the rock wall.
The unseen horror barely misses you.
The unseen horror hits you but does no damage.
You dig through the rock wall.
The unseen horror hits you.
You dig through the rock wall.
The unseen horror misses you.
You dig through the rock wall.
The unseen horror barely misses you. The unseen horror closely misses you.
You dig through the rock wall.
The unseen horror hits you but does no damage.
The unseen horror hits you.
You dig through the rock wall.
The unseen horror barely misses you.
You dig through the rock wall.
The unseen horror hits you. x2
* * * LOW HITPOINT WARNING * * *
You retract your mandibles.
The unseen horror barely misses you.
You extend your mandibles.
You dig through the rock wall.
The unseen horror hits you.
* * * LOW HITPOINT WARNING * * *
The centaur warrior shoots an arrow.
The arrow hits you!!
You die...

#..........[..#.#
#.........# #.
###...........'.#
#.........# #.
##..........######.........#
#.
######'###......'.........#
#. #.# #.######...).....# #.
#.# #.#<# #.........# ##
#.###.#.# #.........##
#.....#.#############x##
#####...@x.........#.#.##
#.###.#######.#.###x# #.#
#.c#.#.#.c### ##. #.#
#.#.#.#.#.# ## #[#
#.#######.# # #.#
#.#.......# # #.#
#.#.####..####### #.# #.#.#
#..#...... #.# #.#.#
#..#.#####


You could see a centaur warrior and an unseen horror (invisible).

Vanquished Creatures
  A water moccasin (D:6)
  An orc warrior (D:8)
  An ice beast (D:7)
  2 sky beasts
  2 black bears
  An ogre (D:5)
  A wyvern zombie (D:8)
  2 scorpions (D:5)
  A water moccasin skeleton (D:5)
  A wyvern skeleton (D:7)
  A howler monkey (D:6)
  A bullfrog skeleton (D:5)
  A bullfrog zombie (D:5)
  An orc priest (D:5)
  A gnoll shaman (D:7)
  A jelly (D:8)
  An orc wizard (D:5)
  4 iguanas
  A killer bee zombie (D:8)
  A howler monkey zombie (D:6)
  4 adders
  9 gnolls
  A white imp (D:7)
  2 ufetubi
  An adder skeleton (D:5)
  A worm (D:5)
  19 orcs
63 creatures vanquished.

Notes
Turn   | Place    | Note
-------+----------+-------------------------------------------
     0 | D:5      | browni3141 the Formicid Delver began the quest for the Orb.
     0 | D:5      | Reached XP level 1. HP: 18/18 MP: 1/1
    19 | D:5      | Noticed an iguana
    21 | D:5      | Noticed a scorpion
   113 | D:6      | Found a transporter.
   115 | D:6      | Noticed an electric eel
   118 | D:6      | Noticed an electric eel
   118 | D:6      | Noticed an electric eel
   126 | D:6      | Found a transporter.
   181 | D:6      | Reached XP level 2. HP: 2/24 MP: 2/2
   454 | D:6      | Noticed a water moccasin
   507 | D:6      | Reached skill level 3 in Long Blades
   789 | D:6      | Reached skill level 1 in Evocations
   789 | D:6      | Reached XP level 3. HP: 29/29 MP: 3/3
   904 | D:6      | Reached XP level 4. HP: 35/35 MP: 4/4
   915 | D:6      | Noticed a sky beast
   919 | D:6      | Killed a sky beast
   920 | D:6      | Reached skill level 4 in Long Blades
   920 | D:6      | Reached XP level 5. HP: 41/41 MP: 5/5
   947 | D:6      | Killed a water moccasin
   948 | D:6      | Reached XP level 6. HP: 47/47 MP: 6/6
   983 | D:6      | Noticed a black bear
   986 | D:6      | Killed a black bear
   987 | D:6      | Reached skill level 5 in Long Blades
   987 | D:6      | Reached XP level 7. HP: 51/52 MP: 7/7
  1010 | D:6      | Found Houlieri's Assorted Antiques.
  1156 | D:6      | Found a runed translucent gate.
  1156 | D:6      | Found a runed translucent gate.
  1156 | D:6      | Found a runed translucent gate.
  1157 | D:6      | Found an opulent altar of Gozag.
  1159 | D:6      | Noticed miscthings's ghost (novice GnAr)
  1159 | D:6      | Noticed a water moccasin
  1603 | D:5      | Reached skill level 5 in Evocations
  2048 | D:5      | Reached skill level 6 in Long Blades
  2584 | D:5      | Reached skill level 7 in Long Blades
  2584 | D:5      | Reached XP level 8. HP: 55/58 MP: 6/8
  2833 | D:5      | Found a staircase to the Ecumenical Temple.
  2838 | D:5      | Reached skill level 1 in Armour
  2844 | Temple   | Entered the Ecumenical Temple
  3141 | Temple   | Became a worshipper of the Shining One
  4003 | D:7      | Noticed a moth of wrath
  4004 | D:7      | Noticed browni3141's ghost (novice OpVM)
  4020 | D:7      | Found a bloodstained altar of Trog.
  4083 | D:7      | Found a transporter.
  4188 | D:7      | Found a transporter.
  4189 | D:7      | Noticed a troll
  4304 | D:7      | Found a shadowy altar of Dithmenos.
  4643 | D:7      | Reached skill level 8 in Long Blades
  4958 | D:8      | Reached * piety under the Shining One
  5202 | D:8      | Reached XP level 9. HP: 65/65 MP: 9/9
  5216 | D:8      | Found a shimmering altar of Xom.
  5834 | D:8      | Noticed an unseen horror
  5835 | D:8      | Noticed a centaur warrior
  5870 | D:8      | Shot with an arrow by a centaur warrior

Illustrated notes

Levels and vault maps discovered:
D:5:      layout_basic, minmay_temple_entry_butterflies
D:6:      gammafunk_steamed_eel, layout_basic, ebering_ghost_gozag,
          serial_shops, shop, nicolae_lava_and_water
D:7:      layout_basic, grunt_dithmenos_smoke,
          gammafunk_ghost_wrathful_warriors, hangedman_decor_slide_cut,
          roderic_roman_lattice
D:8:      layout_basic, lemuel_tele_altar, minmay_manual_mandibuliform
Temple:   eino_temple_water

Skill      XL: |  1  2  3  4  5  6  7  8 |
---------------+-------------------------+-----
Long Blades    | 3 4 5 7 8 |  8.3
Evocations     | 1 3 4 5 |  5.7
Armour         | 3 |  3.8
Fighting       | 4 |  4.4
Dodging        | |  1.8
Stealth        | |  6.1

Action                   |  1- 3 |  4- 6 |  7- 9 || total
-------------------------+-------+-------+-------++-------
Melee: Falchion          |    25 |     4 |   258 ||   287
Throw: Dart              |       |       |    11 ||    11
 Abil: Dig               |     4 |       |     9 ||    13
Evoke: Wand              |     2 |     7 |     3 ||    12
 Stab: Sleeping          |     1 |       |       ||     1
Armor: Leather armour    |     2 |       |       ||     2
       Scale mail        |       |       |    82 ||    82
Dodge: Dodged            |    13 |     1 |   114 ||   128

Table legend: (Time is in decaauts)
 A = Elapsed time spent in this place.
 B = Non-inter-level travel time spent in this place.
 C = Inter-level travel time spent in this place.
 D = Time resting spent in this place.
 E = Time spent auto-exploring this place.
 F = Levels seen in this place.
 G = Mean time per level.
                   A        B        C        D        E       F      G
               +--------+--------+--------+--------+--------+-----+--------+
         Total |   5869 |   5762 |    107 |   1476 |   2876 |   5 | 1173.8 |
       Dungeon |   5560 |   5478 |     82 |   1476 |   2633 |   4 | 1390.0 |
        Temple |    308 |    283 |     25 |      0 |    243 |   1 |  308.0 |
               +--------+--------+--------+--------+--------+-----+--------+

Top non-repeatable levels by time:
     D:5: 1969 daAuts
     D:6: 1457 daAuts
     D:7: 1167 daAuts
     D:8: 966 daAuts
  Temple: 308 daAuts
